 Dungeon Crawl Stone Soup version 0.14-a0-942-gbd853f2 (webtiles) character file.

1301 Malachi the Covered (level 8, 0/64 HPs)
             Began as a Demonspawn Fighter on Nov 19, 2013.
             Was a Believer of Nemelex Xobeh.
             Slain by a hippogriff (8 damage)
             ... on Level 7 of the Dungeon.
             The game lasted 00:19:14 (7232 turns).

Malachi the Covered (Demonspawn Fighter)            Turns: 7232, Time: 00:19:15

HP   0/64        AC  0     Str 14      XL: 8   Next: 12%
MP   0/11        EV 22     Int 10      God: Nemelex Xobeh [**....]
Gold 179         SH  0     Dex 17      Spells:  0 memorised,  7 levels left

Res.Fire  : . . .   See Invis. : .   h - melded -2,-1 spear (curse)
Res.Cold  : . . .   Warding    : .   b - melded +0 scale mail
Life Prot.: . . .   Conserve   : .   c - melded +0 shield
Res.Poison: .       Res.Corr.  : .   (helmet currently unavailable)
Res.Elec. : .       Clarity    : .   C - melded +1 cloak
Sust.Abil.: . .     Spirit.Shd : +   q - melded +0 pair of gauntlets
Res.Mut.  : .       Stasis     : .   k - melded +0 pair of elf boots
Res.Rott. : .       Flight     : +   (no amulet)
Saprovore : . . .                    w - melded cursed ring of protection from fire
                                     j - melded ring of teleport control

@: bat-form, flying, very quick, slightly resistant to hostile enchantments,
fairly stealthy
A: (antennae 0), rugged brown scales 2, magic shield
a: End Transformation, Draw One, Peek at Two, Renounce Religion


You were on level 7 of the Dungeon.
You worshipped Nemelex Xobeh.
Nemelex Xobeh was pleased with you.
You were near starving.
You were in bat-form.
You visited 1 branch of the dungeon, and saw 7 of its levels.
You also visited: Sewer.

You collected 179 gold pieces.

Inventory:

Hand weapons
 a - a +0,+0 trident
 h - a cursed -2,-1 spear (melded)
 y - a +1,+5 spear
Missiles
 s - 2 tomahawks
 D - 8 silver tomahawks (quivered)
Armour
 b - a +0 scale mail (melded)
 c - a +0 shield (melded)
 k - a +0 pair of elven boots (melded)
 q - a +0 pair of gauntlets (melded)
 C - a +1 cloak (melded)
Magical devices
 B - a wand of flame (14)
Comestibles
 d - 2 bread rations
 i - a meat ration
 t - 4 strawberries
Scrolls
 f - a scroll of teleportation
 l - 5 scrolls of identify
 o - a scroll of fog
 r - a scroll of fear
 A - a scroll of blinking
Jewellery
 j - a ring of teleport control (melded)
 w - a cursed ring of protection from fire (melded)
 x - an uncursed amulet of conservation {unknown}
Potions
 e - a potion of heal wounds
 g - a potion of magic
 m - a potion of degeneration {unknown}
 n - a potion of speed
 p - 2 potions of agility
 v - a potion of invisibility {unknown}
 z - a potion of curing


   Skills:
 + Level 4.0 Fighting
 + Level 3.5 Polearms
 + Level 5.1 Armour
 + Level 4.0 Dodging
 + Level 4.5 Shields
 * Level 3.4 Evocations


You had 7 spell levels left.
You didn't know any spells.

Dungeon Overview and Level Annotations

Branches:
Dungeon (7/16)
 Temple: D:4-7          Orc: D:6-11

Altars:
Cheibriados
Fedhas
Nemelex Xobeh


Innate Abilities, Weirdness & Mutations

((You have a pair of antennae on your head.))*
(You are mostly covered in rugged brown scales (AC +2, +5% HP).)*
When hurt, damage is shared between your health and your magic reserves.


Message History

You hit the giant gecko but do no damage.
The giant gecko is moderately wounded.
* * * LOW HITPOINT WARNING * * *
You feel sick. The hippogriff completely misses you. The hippogriff misses you.
The hippogriff completely misses you. The worm barely misses you.
The adder bites you.
* * * LOW HITPOINT WARNING * * *
The giant gecko misses you.
Your spear is melded into your body.
Evoke which item? (* to show all) (? for menu, Esc to quit)
You have no means to grasp a wand firmly enough.
You barely miss the giant gecko.
The giant gecko is moderately wounded.
* * * LOW HITPOINT WARNING * * *
You feel sick.
You feel better. The hobgoblin completely misses you. The adder misses you.
The hippogriff bites you!
You die...
Your body disappears without a glow.

#########################
...............lbwb......
...............HgS.......
...(.......###..#.#..###
########.....#..#.# .#
#...###..### # #.........
#...###.o#.
########(....#..#.
.{S........###..#


You could see a hippogriff, a worm, an adder, an orc, a giant gecko, a hobgoblin
and a bat.

Vanquished Creatures
  Grinder (D:3)
  2 giant frogs (D:6)
  3 hounds
  A big fish (Sewer)
  Crazy Yiuf (D:3)
  3 worker ants
  Ijyb (D:3)
  7 gnolls
  6 adders
  2 giant mites (D:3)
  2 worms
  4 giant geckos
  An ooze (D:4)
  6 orcs
  5 ball pythons
  12 bats
  4 giant cockroaches
  10 hobgoblins
  10 jackals
  14 kobolds
  A quokka (D:4)
  4 giant newts
  12 goblins
  A goblin zombie (D:3)
  5 rats
  A rat zombie (D:6)
  2 plants (Sewer)
121 creatures vanquished.

Vanquished Creatures (collateral kills)
  The ghost of Malachi the Covered, an average DsFi of Okawaru (D:4)
  A vampire mosquito (D:4)
  2 phantoms (D:4)
  An ogre (D:4)
  A giant newt (D:4)
  A butterfly (D:4)
7 creatures vanquished.

Vanquished Creatures (others)
  A hound skeleton (D:6)
  A shadow imp (D:4)
  A bat skeleton (D:4)
3 creatures vanquished.

Grand Total: 131 creatures vanquished

Notes
Turn   | Place    | Note
--------------------------------------------------------------
     0 | D:1      | Malachi, the Demonspawn Fighter, began the quest for the Orb.
     0 | D:1      | Reached XP level 1. HP: 18/18 MP: 0/0
     0 | D:1      | Noticed an octopode
     1 | D:1      | Noticed an elf skeleton
     6 | D:1      | Noticed a felid
     7 | D:1      | Noticed an elf zombie
    10 | D:1      | Noticed an ogre
    12 | D:1      | Noticed a felid
    12 | D:1      | Noticed a ghoul
    18 | D:1      | Noticed a merfolk skeleton
    18 | D:1      | Noticed a centaur zombie
   128 | D:1      | Gained mutation: You are partially covered in rugged brown scales (AC +1, +3% HP). [demonic ancestry]
   128 | D:1      | Reached XP level 2. HP: 15/24 MP: 1/1
   887 | D:2      | Found a sparkling altar of Nemelex Xobeh.
  1242 | D:2      | Gained mutation: When hurt, damage is shared between your health and your magic reserves. [demonic ancestry]
  1242 | D:2      | Reached XP level 3. HP: 27/30 MP: 2/2
  1977 | D:3      | Noticed Ijyb
  2018 | D:3      | Killed Ijyb
  2018 | D:3      | Reached skill level 1 in Dodging
  2116 | D:3      | Gained mutation: You are mostly covered in rugged brown scales (AC +2, +5% HP). [demonic ancestry]
  2116 | D:3      | Reached XP level 4. HP: 23/37 MP: 3/3
  2269 | D:3      | Found a glowing drain.
  2298 | Sewer    | Entered a sewer
  2339 | Sewer    | Reached XP level 5. HP: 34/44 MP: 4/4
  3312 | D:2      | Became a worshipper of Nemelex Xobeh
  3533 | D:3      | Received a gift from Nemelex Xobeh
  3672 | D:3      | Noticed Crazy Yiuf
  3679 | D:3      | Killed Crazy Yiuf
  3717 | D:3      | Noticed Grinder
  3721 | D:3      | Paralysed by Grinder for 2 turns
  3730 | D:3      | Paralysed by Grinder for 5 turns
  3740 | D:3      | Killed Grinder
  3740 | D:3      | Reached skill level 4 in Armour
  3740 | D:3      | Gained mutation: You have a pair of small antennae on your head. [demonic ancestry]
  3740 | D:3      | Reached XP level 6. HP: 15/50 MP: 1/7
  4184 | D:3      | Acquired Nemelex Xobeh's first power
  4366 | D:4      | Noticed Malachi's ghost (average DsFi)
  4676 | D:4      | Gained mutation: You have a pair of antennae on your head. [demonic ancestry]
  4676 | D:4      | Reached XP level 7. HP: 45/56 MP: 6/8
  5298 | D:4      | Received a gift from Nemelex Xobeh
  5506 | D:4      | Killed Malachi's ghost
  5770 | D:4      | Found a snail-covered altar of Cheibriados.
  6049 | D:5      | Entered Level 5 of the Dungeon
  6066 | D:4      | Acquired Nemelex Xobeh's second power
  6125 | D:6      | Found a blossoming altar of Fedhas.
  6214 | D:6      | Received a gift from Nemelex Xobeh
  6525 | D:6      | Reached skill level 5 in Armour
  6525 | D:6      | Reached XP level 8. HP: 21/64 MP: 6/11
  7232 | D:7      | Slain by a hippogriff

Action                   |  1- 3 |  4- 6 |  7- 9 || total
-------------------------+-------+-------+-------++-------
Melee: Trident           |   182 |     9 |       ||   191
       Spear             |       |   271 |   643 ||   914
       Unarmed           |       |       |    24 ||    24
Invok: Draw One          |       |     3 |    20 ||    23
 Abil: End Transformatio |       |       |     1 ||     1
       Evoke Teleport Co |       |       |     1 ||     1
  Use: Scroll            |     1 |     8 |       ||     9
       Potion            |       |     6 |     2 ||     8
 Stab: Fleeing           |       |     1 |       ||     1
       Distracted        |       |       |     1 ||     1
       Invisible         |       |       |     1 ||     1
